[Event "Live Chess"]
[Site "Chess.com"]
[Date "2023.05.21"]
[Round "-"]
[White "MartynColebrook"]
[Black "Richardallis"]
[Result "0-1"]
[WhiteElo "1097"]
[BlackElo "1874"]
[TimeControl "300"]
[EndTime "1:32:04 PDT"]
[Termination "Richardallis won by resignation"]

1. e4 d5 2. exd5 Nf6 3. c4 c6 4.
dxc6 Nxc6 5. Nf3 e5 6. Nc3 Bg4 7. Be2 Bc5 8. O-O O-O 9. d3 Re8 10. Bg5 h6 11. Bh4 g5 12. Bg3 Nh5 13. h3 Bxf3 14.
Bxf3 Nxg3 15. Bxc6 bxc6 16. Ne4 Nxe4 17. dxe4 Qxd1 18.
Raxd1 Bd4 19. b3 Red8 20. g3 Rd7 21. Kg2 Rad8 22. f4 exf4 23. gxf4 gxf4 24. Rxf4 Be5 25. Rxd7 Rxd7 26. Rg4+ Kf8 27. Rh4 Rd6 28. Kf3 Rg6 29.
Rh5 f6 30. Rf5 Rg5 31. Rxg5 hxg5 32. Kg4 Kg7 33. h4 gxh4 34. Kxh4 Kf7 35. Kg4 Ke6 36.
Kf3 a5 37. a3 Bb2 38. a4 Ke5 39. Ke3 Bd4+ 40. Ke2 Kxe4 41. Kd2 f5 42. Ke2 f4 0-1

[Event "Live Chess"]
[Site "Chess.com"]
[Date "2023.05.21"]
[Round "-"]
[White "Goblinbasher"]
[Black "KeithArkell"]
[Result "0-1"]
[WhiteElo "1234"]
[BlackElo "2516"]
[TimeControl "300"]
[EndTime "1:32:26 PDT"]
[Termination "KeithArkell won by resignation"]

1. e4 c6 2. Nc3 d5 3. exd5 cxd5 4. d4 Nf6 5. Nf3 Nc6 6. h3 Bf5 7. g4 Be4 8. Bg2 Bxf3 9. Bxf3 e6 10. Bd2 Nxd4 11. Be3 Nxf3+ 12. Qxf3 Bb4 13. Bd4 O-O 14. O-O-O Rc8 15. h4 Bc5 16. Bxc5 Rxc5 17. g5 Ne8 18. Qe3 Rc4 19. Rd4 Nd6 20. f3 Nf5 21. Qe5 Rxd4 22. h5 Qb8 23. Qe1 Qf4+ 24. Kb1 Qxg5 25. Nb5 Rc4 26. Nc3 Rfc8 27. Rg1 Qe3 28. Qd1 Qb6 29.
Rg5 Rxc3 0-1

[Event "Live Chess"]
[Site "Chess.com"]
[Date "2023.05.21"]
[Round "-"]
[White "Woodpusher500"]
[Black "Singapourfeuj"]
[Result "0-1"]
[WhiteElo "996"]
[BlackElo "2194"]
[TimeControl "300"]
[EndTime "1:32:44 PDT"]
[Termination "Singapourfeuj won by checkmate"]

1. e4 c5 2. Nf3 d6 3. d4 cxd4 4.
Nxd4 Nf6 5. Nc3 a6 6. Bg5 Nbd7 7.
f4 Qc7 8. Qf3 h6 9. Bh4 g5 10.
fxg5 Ne5 11. Qf2 Nfg4 12. Qe2 hxg5 13. Bxg5 Qc5 14. O-O-O Rg8 15. Bh4 Bd7 16. h3 Bh6+ 17. Kb1 Ne3 18. Rd2 N3c4 19. Rd1 Qb4 20. b3 Qxc3 21.
Qe1 Qb2# 0-1

[Event "Live Chess"]
[Site "Chess.com"]
[Date "2023.05.21"]
[Round "-"]
[White "elephantgerrald"]
[Black "ms_lilley"]
[Result "0-1"]
[WhiteElo "706"]
[BlackElo "598"]
[TimeControl "300"]
[EndTime "1:33:11 PDT"]
[Termination "ms_lilley won on time"]

1. e4 e6 2. d4 d5 3. exd5 exd5 4. Qe2+ Ne7 5. Bg5 h6 6. Bxe7 Bxe7 7. Nc3 c6 8. O-O-O a6 9. Re1 O-O 10. Qxe7 Qxe7 11.
Rxe7 Nd7 12. Nf3 Nf6 13. Bd3 Bg4 14. Ne5 Be6 15. Rxb7 c5 16. dxc5 d4 17. Ne4 Nxe4 18. Bxe4 Bxa2 19. Rxf7 Rae8 20. Rxf8+ Rxf8 21. f3 Be6 22.
g4 g5 23. h4 Kg7 24. hxg5 hxg5 25. Rh7+ Kf6 26. f4 gxf4 27. g5+ Kxg5 28. Nf3+ Kf6 29. Rh6+ Ke7 0-1

[Event "Live Chess"]
[Site "Chess.com"]
[Date "2023.05.21"]
[Round "-"]
[White "JuperLuper"]
[Black "elizaveta_frundina"]
[Result "1-0"]
[WhiteElo "1221"]
[BlackElo "1564"]
[TimeControl "300"]
[EndTime "1:33:14 PDT"]
[Termination "JuperLuper won by checkmate"]

1. c4 e5 2. Nc3 Nc6 3. e3 g6 4. d4 Bg7 5. Nf3 e4 6. Nxe4 d6 7. Be2 Bf5 8. Nc3 Nf6 9. a3 O-O 10. O-O d5 11. Qb3 Na5 12. Qb5 Nxc4 13. Bxc4 dxc4 14. Qxc4 c6 15. Re1 Re8 16. Qb3 Ne4 17. Nxe4 Bxe4 18. Nd2 Bd5 19. Qxb7 Qg5 20. e4 Bxd4 21. Nf3 Qf6 22. Nxd4 Qxd4 23. Be3 Qxe4 24. f3 Qd3 25. Bh6 Rxe1+ 26. Rxe1 Qd2 27. Re7 Qd1+ 28.
Kf2 Qd4+ 29. Kg3 Rd8 30. Qc7 Bb3 31. Re4 Qd5 32. Qe7 Qd1 33. Qe8+ Rxe8 34. Rxe8# 1-0

[Event "Live Chess"]
[Site "Chess.com"]
[Date "2023.05.21"]
[Round "-"]
[White "MJMykh"]
[Black "Hacker_2009"]
[Result "0-1"]
[WhiteElo "1101"]
[BlackElo "1916"]
[TimeControl "300"]
[EndTime "1:33:17 PDT"]
[Termination "Hacker_2009 won by resignation"]

1. e4 c5 2. Nf3 d6 3. h3 e6 4. Nc3 Nf6 5. Bb5+ Bd7 6. Bxd7+ Qxd7 7. O-O Be7 8. d3 O-O 9. Bg5 h6 10. Bxf6 Bxf6 11. Qd2 Nc6 12. a3 d5 13. exd5 exd5 14.
Rab1 b6 15. Nb5 Ne5 16. Nxe5 Bxe5 17. Nc3 Rfe8 18. a4 Rad8 19. Ne2 Qxa4 20. b3 Qc6 21. Nf4 Bc7 22. Ne2 Qd6 23. g3 Qe5 24. Rfe1 Qf6 25.
Nc3 Be5 26. Na4 Qf5 27. Kg2 Bc7 28. Rxe8+ Rxe8 29. g4 Qe5 30. Kf1 Qh2 31. f3 Qxd2 0-1

[Event "Live Chess"]
[Site "Chess.com"]
[Date "2023.05.21"]
[Round "-"]
[White "wadsy27"]
[Black "AbilifyXL"]
[Result "1-0"]
[WhiteElo "2568"]
[BlackElo "1950"]
[TimeControl "300"]
[EndTime "1:33:29 PDT"]
[Termination "wadsy27 won by resignation"]

1. c4 c6 2. g3 d5 3. Bg2 Nf6 4.
Nf3 e6 5. O-O Be7 6. b3 O-O 7. Bb2 Nbd7 8. d3 Re8 9. Nc3 b6 10.
e4 dxe4 11. dxe4 Bb7 12. e5 Nh5 13. Ne4 g6 14. Qd2 c5 15. Rfe1 Qc7 16. g4 Ng7 17.
Qh6 Bxe4 18. Rxe4 Nf8 19. Bc1 Rad8 20. Bg5 Rd3 21. Bf6 1-0

[Event "Live Chess"]
[Site "Chess.com"]
[Date "2023.05.21"]
[Round "-"]
[White "JanMur7"]
[Black "chessfiction"]
[Result "1-0"]
[WhiteElo "1971"]
[BlackElo "2328"]
[TimeControl "300"]
[EndTime "1:33:37 PDT"]
[Termination "JanMur7 won by checkmate"]

1. e4 d5 2. exd5 c6 3. dxc6 e5 4. Nc3 Bc5 5. Nf3 Qb6 6. d4 exd4 7.
Ne4 Nxc6 8. Nxc5 Qxc5 9. Bd3 Bg4 10. h3 Bxf3 11. Qxf3 O-O-O 12. O-O Nge7 13. Bf4 h6 14. Rfe1 g5 15. Bh2 f5 16. Re6 Rhg8 17. Rae1 g4 18. Qf4 Rd7 19. h4 Rf8 20. Qxh6 Rg8 21. Bd6 Qd5 22.
Bxe7 g3 23. f3 f4 24. Bg5 Nd8 25. Re8 Rxe8 26. Rxe8 Qa5 27. Bxd8 Rxd8 28. Qe6+ Kc7 29. Qe5+ Qxe5 30. Rxe5 Kd6 31. Re4 Kc5 32. Rxf4 Re8 33.
Be4 d3 34. Bxd3 Re1+ 35. Bf1 Rc1 36. h5 Re1 37. h6 Re7 38. Rh4 Rh7 39. Bd3 Rh8 40.
h7 b5 41. Rg4 Re8 42. Re4 Rh8 43. Re7 Kd4 44. Kf1 b4 45. Rg7 a5 46. Rg8 Rxh7 47.
Bxh7 Kc5 48. Bd3 a4 49. Rxg3 a3 50. bxa3 b3 51. Rg4 b2 52. Rb4 b1=Q+ 53. Rxb1 Kd4 54.
Rb3 Kc5 55. a4 Kd4 56. a5 Ke3 57. a6 Kd2 58. a7 Ke3 59. a8=Q Kd2 60. Qe4 Kc1 61.
Qe1# 1-0

[Event "Live Chess"]
[Site "Chess.com"]
[Date "2023.05.21"]
[Round "-"]
[White "Tushinskiy"]
[Black "BillythekidFellowes"]
[Result "0-1"]
[WhiteElo "2178"]
[BlackElo "2055"]
[TimeControl "300"]
[EndTime "1:33:42 PDT"]
[Termination "BillythekidFellowes won by resignation"]

1. d4 e5 2. c3 exd4 3. Nf3 dxc3 4. Nxc3 Nf6 5. Bf4 Bb4 6. e3 d5 7.
Bd3 c6 8. O-O Nbd7 9. a3 Bxc3 10. bxc3 O-O 11. Qc2 g6 12. Rad1 Nh5 13. Bg5 Qc7 14.
c4 dxc4 15. Bxc4 Ne5 16. Ba2 Nxf3+ 17. gxf3 Bh3 18. Rfe1 Qa5 19. Bh4 Qxa3 20. Bg3 Qa5 21.
Rd2 Rad8 22. Red1 Rxd2 23. Rxd2 Qa6 24. Bc4 Qa1+ 25. Rd1 Qf6 26. Qe2 Ng7 27. e4 h5 28.
Qe3 h4 29. Bd6 Rd8 30. e5 Qf5 31. Bd3 Qh5 32. Kh1 Nf5 33. Bxf5 Qxf5 34. f4 Bg2+ 35. Kxg2 Qg4+ 36. Kh1 Qxd1+ 37. Kg2 Qg4+ 38. Kh1 h3 0-1

[Event "Live Chess"]
[Site "Chess.com"]
[Date "2023.05.21"]
[Round "-"]
[White "MaximKris"]
[Black "domrobson"]
[Result "1-0"]
[WhiteElo "1813"]
[BlackElo "1751"]
[TimeControl "300"]
[EndTime "1:33:45 PDT"]
[Termination "MaximKris won by resignation"]

1. e4 e5 2. Nf3 Nc6 3. Nc3 Nf6 4. Bc4 Nxe4 5. Nxe4 d5 6. Bd3 dxe4 7. Bxe4 Bd6 8.
O-O O-O 9. d3 Bd7 10. Be3 f5 11.
Bd5+ Kh8 12. Re1 f4 13. Bd2 Qf6 14. Bc3 Rae8 15. Qd2 Bg4 16. h3 Bxf3 17. Bxf3 Re7 18. Bxc6 bxc6 19. d4 e4 20. d5 e3 21. Bxf6 exd2 22.
Rxe7 Bxe7 23. Bxe7 Re8 24. Bb4 cxd5 25. Bxd2 g5 26. Re1 Re4 27. Rxe4 dxe4 28. Bc3+ Kg8 29. Kf1 Kf7 30. Ke2 Ke6 31. f3 e3 32. g3 h6 33. gxf4 gxf4 34. Bd4 a6 35. Ba7 c6 36. Bb8 Kf5 37. c4 h5 38. c5 Kg5 39. h4+ Kf5 40. b4 1-0

[Event "Live Chess"]
[Site "Chess.com"]
[Date "2023.05.21"]
[Round "-"]
[White "horsechessnut"]
[Black "peter-785"]
[Result "1-0"]
[WhiteElo "1465"]
[BlackElo "1192"]
[TimeControl "300"]
[EndTime "1:33:50 PDT"]
[Termination "horsechessnut won on time"]

1. d4 d5 2. Bf4 c6 3. Nf3 e6 4. e3 Nf6 5. Nbd2 Bd6 6. h3 Bxf4 7. exf4 Qc7 8. Ne5 Nbd7 9. Ndf3 Nxe5 10. Nxe5 Nd7 11.
Qh5 Nxe5 12. fxe5 Qa5+ 13. c3 b5 14. Be2 b4 15. c4 b3+ 16. Kf1 bxa2 17. Kg1 Ba6 18.
Bg4 g6 19. Qh6 O-O-O 20. Kh2 Bxc4 21. Rhc1 Qb4 22. Qe3 Kd7 23. Qc3 Qb3 24. Qxb3 Bxb3 25. Rc3 Bc4 26. Bd1 Rb8 27. b3 Bb5 28. Rxa2 a6 29. Rf3 Ke7 30. Rc3 Rhc8 31. Rac2 Rb6 32.
f4 h5 33. Be2 Kd7 34. Bxb5 axb5 35. Rg3 Ke7 36. Rf2 Rf8 37. Rg5 Ra6 38. g4 hxg4 39. hxg4 Rh8+ 40. Kg3 Ra3 41. Rf3 Ra1 42. Kg2 Rd1 43.
Rh3 Rxh3 44. Kxh3 Rxd4 45. f5 exf5 46. gxf5 gxf5 47. Rxf5 Re4 48. Rf6 c5 49. Rc6 c4 50.
bxc4 Rxc4 51. Rb6 b4 52. Rd6 d4 53. Ra6 b3 54. Ra7+ Ke6 55. Ra5 Rc3+ 56. Kg4 b2 57. Rb5 Ke7 58. Kf4 1-0

[Event "Live Chess"]
[Site "Chess.com"]
[Date "2023.05.21"]
[Round "-"]
[White "AyannaTang"]
[Black "YrrriKharkiv"]
[Result "0-1"]
[WhiteElo "212"]
[BlackElo "2065"]
[TimeControl "300"]
[EndTime "1:34:06 PDT"]
[Termination "YrrriKharkiv won by checkmate"]

1. e4 e6 2. d4 d5 3. f3 dxe4 4. Bc4 Nc6 5. Ne2 exf3 6. gxf3 Qh4+ 7. Ng3 Bd6 8. O-O Bxg3 9. hxg3 Qxg3+ 10. Kh1 Qh4+ 11.
Kg1 Qxd4+ 12. Qxd4 Nxd4 13. f4 Nf6 14. Nc3 c6 15.
Be3 Nf5 16. Bf2 O-O 17. Bc5 Re8 18. Ne4 Nxe4 19. Rfe1 Nxc5 20. Bxe6 Bxe6 21. Rad1 Rad8 22. Rxd8 Rxd8 23. Re5 b6 24. b4 Rd1+ 25. Kf2 Rd2+ 26. Ke1 Rxc2 27. a3 Nd3+ 28. Kd1 Nd4 29. Ra5 bxa5 30.
bxa5 Nb3 31. a6 Rd2# 0-1

[Event "Live Chess"]
[Site "Chess.com"]
[Date "2023.05.21"]
[Round "-"]
[White "HoarseyHorsey"]
[Black "EPotapov05"]
[Result "1-0"]
[WhiteElo "1473"]
[BlackElo "1389"]
[TimeControl "300"]
[EndTime "1:34:06 PDT"]
[Termination "HoarseyHorsey won by resignation"]

1. d4 d5 2. c4 dxc4 3. e4 e5 4.
Nf3 exd4 5. Bxc4 Nc6 6. O-O Bc5 7. Bg5 Nge7 8. e5 O-O 9. Nbd2 Bg4 10. Ne4 Bb6 11.
h3 Bf5 12. Ng3 Bg6 13. e6 fxe6 14. Bxe6+ Kh8 15. Re1 Nf5 16. Bxd8 1-0

[Event "Live Chess"]
[Site "Chess.com"]
[Date "2023.05.21"]
[Round "-"]
[White "siddu198"]
[Black "elizaveta_frundina"]
[Result "1-0"]
[WhiteElo "1614"]
[BlackElo "1552"]
[TimeControl "300"]
[EndTime "1:34:07 PDT"]
[Termination "siddu198 won by resignation"]

1. e4 c5 2. Nf3 d6 3. Nc3 Nf6 4. Bb5+ Bd7 5. Bxd7+ Nbxd7 6. d3 e6 7. Be3 Be7 8. d4 cxd4 9. Bxd4 e5 10. Be3 O-O 11. Qd2 Rc8 12. h3 Qb6 13. Bxb6 1-0

[Event "Live Chess"]
[Site "Chess.com"]
[Date "2023.05.21"]
[Round "-"]
[White "Shepherds_Pie"]
[Black "fretle"]
[Result "1-0"]
[WhiteElo "1915"]
[BlackElo "1805"]
[TimeControl "300"]
[EndTime "1:34:09 PDT"]
[Termination "Shepherds_Pie won by resignation"]

1. c4 e5 2. Nc3 Nf6 3. Nf3 Nc6 4.
e3 Bb4 5. Qc2 O-O 6. Nd5 Bc5 7.
Ng5 g6 8. h4 h5 9. a3 a5 10. Bd3 Kg7 11. b3 Re8 12. Bb2 Bd6 13. Nxf6 Qxf6 14. Ne4 Qe7 15. f4 b6 16. O-O-O Ba6 17. Rdf1 f5 18. fxe5 Bxe5 19. Ng5 Rab8 20. e4 f4 21. Rxf4 b5 22. Rf7+ Qxf7 23. Nxf7 Kxf7 24.
Rf1+ Kg8 25. Bxe5 Nxe5 26. cxb5 Bxb5 27. Bxb5 Rxb5 28. d4 Ng4 29. Qc4+ 1-0

[Event "Live Chess"]
[Site "Chess.com"]
[Date "2023.05.21"]
[Round "-"]
[White "Argrath"]
[Black "Larchikov"]
[Result "0-1"]
[WhiteElo "1489"]
[BlackElo "2026"]
[TimeControl "300"]
[EndTime "1:34:09 PDT"]
[Termination "Larchikov won by resignation"]

1. e4 c5 2. Nf3 Nc6 3. d4 cxd4 4. Nxd4 g6 5. Nc3 Bg7 6. Be3 Nf6 7. f3 d6 8. Qd2 O-O 9. O-O-O Nxd4 10. Bxd4 a6 11.
h4 b5 12. h5 b4 13. Nd5 Nxd5 14.
Bxg7 Kxg7 15. exd5 Rh8 16. Qd4+ f6 17. Bd3 a5 18. Qg4 Bxg4 0-1

[Event "Live Chess"]
[Site "Chess.com"]
[Date "2023.05.21"]
[Round "-"]
[White "mliszewski"]
[Black "Leonid_Starozhilov"]
[Result "0-1"]
[WhiteElo "1863"]
[BlackElo "2661"]
[TimeControl "300"]
[EndTime "1:34:10 PDT"]
[Termination "Leonid_Starozhilov won by resignation"]

1. d4 g6 2. Nc3 Bg7 3. e4 d6 4. Bf4 Nc6 5. Nf3 Bg4 6. d5 Nd4 7. Be2 Nxe2 8. Qxe2 Nf6 9. O-O-O O-O 10. Qe3 Nh5 11.
Bh6 c6 12. Bxg7 Kxg7 13. h3 Bxf3 14. Qxf3 Qa5 15. g4 Nf6 16. h4 cxd5 17. exd5 Rac8 18. h5 Rxc3 19. Qxc3 Qxc3 20. bxc3 Nxg4 21. hxg6 hxg6 22.
Rd2 Rc8 23. Kb2 Ne5 24. Kb3 b5 25. Rh4 Nf3 26. Rhd4 a6 27. R2d3 Nxd4+ 28. cxd4 Rc4 29. f4 Kf6 30. Re3 Rxd4 0-1

[Event "Live Chess"]
[Site "Chess.com"]
[Date "2023.05.21"]
[Round "-"]
[White "TheSmoulderingMaster"]
[Black "Duke_of_Bebington"]
[Result "1-0"]
[WhiteElo "1691"]
[BlackElo "1589"]
[TimeControl "300"]
[EndTime "1:34:35 PDT"]
[Termination "TheSmoulderingMaster won by checkmate"]

1. e4 e5 2. Nf3 Nf6 3. Nxe5 d6 4. Nf3 Nxe4 5. Nc3 Nxc3 6. dxc3 Be6 7. Bd3 Be7 8. Bf4 a5 9. h4 Bg4 10. Qe2 O-O 11. Bxh7+ Kxh7 12. Ng5+ Bxg5 13. hxg5+ Kg8 14. Qxg4 Re8+ 15. Be3 Kf8 16. O-O-O Nc6 17. g6 Ne5 18. Qh5 Nxg6 19. Bg5 Qd7 20. Qh8+ Nxh8 21. Rxh8# 1-0

[Event "Live Chess"]
[Site "Chess.com"]
[Date "2023.05.21"]
[Round "-"]
[White "MJMykh"]
[Black "wadsy27"]
[Result "0-1"]
[WhiteElo "1101"]
[BlackElo "2568"]
[TimeControl "300"]
[EndTime "1:34:42 PDT"]
[Termination "wadsy27 won by resignation"]

1. e4 c5 2. Nf3 e6 3. Nc3 Nc6 4.
Bb5 Nge7 5. Bxc6 Nxc6 6. O-O Be7 7. h3 O-O 8. d3 a6 9. Bf4 b5 10. a3 d6 11. d4 cxd4 12. Nxd4 Nxd4 13. Qxd4 e5 14.
Bxe5 dxe5 15. Qxd8 Rxd8 16. Nd5 Bf8 17. Nb6 Rb8 18.
Nxc8 Rbxc8 19. c3 Rd2 20. b4 Rxc3 0-1

[Event "Live Chess"]
[Site "Chess.com"]
[Date "2023.05.21"]
[Round "-"]
[White "OSmith06"]
[Black "RichardABates"]
[Result "0-1"]
[WhiteElo "1634"]
[BlackElo "2134"]
[TimeControl "300"]
[EndTime "1:35:14 PDT"]
[Termination "RichardABates won by resignation"]

1. e4 c5 2. Nf3 d6 3. d4 cxd4 4. Nxd4 Nf6 5. Nc3 a6 6. Be3 e5 7. Nb3 Be6 8. Qd2 Nbd7 9. Be2 Be7 10. O-O O-O 11. Rad1 Qc7 12. Bf3 Rac8 13. Rfe1 b5 14. Rc1 Nb6 15. Bxb6 Qxb6 16. Nd5 Nxd5 17. exd5 Bf5 18.
Be4 Bxe4 19. Rxe4 f5 20. Ree1 h6 21. Qe3 Qxe3 22. fxe3 Bd8 23. e4 Bb6+ 24. Kh1 fxe4 25. Rxe4 Rxc2 26. Ree1 Rff2 27. Rxc2 Rxc2 28. Rf1 Rxb2 29.
h3 Rxa2 0-1

[Event "Live Chess"]
[Site "Chess.com"]
[Date "2023.05.21"]
[Round "-"]
[White "Tilbs_12"]
[Black "ExIsambard"]
[Result "1-0"]
[WhiteElo "1577"]
[BlackElo "1908"]
[TimeControl "300"]
[EndTime "1:35:18 PDT"]
[Termination "Tilbs_12 won by resignation"]

1. e4 Nc6 2. d4 d5 3. exd5 Qxd5 4. Nc3 Qa5 5. Bc4 Nf6 6. Nf3 Bg4 7. h3 Qh5 8. Be3 O-O-O 9. Be2 e5 10. O-O Bxh3 11. Nxe5 Qh4 12. Nxf7 Be6 13. Nxd8 Kxd8 14. Bf3 Bd6 15.
g3 Qh3 16. Bg2 Qh5 17. Qxh5 Nxh5 18. d5 Nb4 19. dxe6 Nxc2 20. Rad1 Nxe3 21. fxe3 Ke7 22.
Nb5 Bc5 23. Kh2 c6 24. Nd4 Nf6 25. a3 a5 26. Rfe1 h5 27. Nb3 h4 28. Nxc5 hxg3+ 29. Kxg3 1-0

[Event "Live Chess"]
[Site "Chess.com"]
[Date "2023.05.21"]
[Round "-"]
[White "RoaringKnights"]
[Black "Cimon"]
[Result "0-1"]
[WhiteElo "993"]
[BlackElo "1846"]
[TimeControl "300"]
[EndTime "1:35:44 PDT"]
[Termination "Cimon won by checkmate"]

1. e4 d6 2. Nf3 Nf6 3. Nc3 g6 4. Bc4 Bg7 5. d3 O-O 6. Bf4 e5 7. Bg5 c6 8. O-O b5 9. Bb3 a5 10. a4 b4 11. Ne2 h6 12. Bh4 g5 13. Bg3 Nh5 14. c3 Na6 15. cxb4 Nxb4 16. Nc3 Nf4 17.
Bxf4 exf4 18. d4 d5 19. e5 Bf5 20. Rc1 g4 21. Nd2 Rb8 22. f3 Nd3 23. Rb1 Qg5 24. Qe2 g3 25. h3 Qh4 26. Rfd1 Nf2 27. Rf1 Bxb1 28. Ncxb1 Rb4 29. e6 fxe6 30. Qxe6+ Kh8 31. Qxc6 Bxd4 32. Bxd5 Nxh3+ 33. Kh1 Ng5# 0-1

[Event "Live Chess"]
[Site "Chess.com"]
[Date "2023.05.21"]
[Round "-"]
[White "JoshMcK"]
[Black "Bot_Boy"]
[Result "1-0"]
[WhiteElo "1531"]
[BlackElo "334"]
[TimeControl "300"]
[EndTime "1:35:44 PDT"]
[Termination "JoshMcK won on time"]

1. e4 Nc6 2. Nf3 e5 3. Bb5 d6 4. d4 Bd7 5. Bxc6 Bxc6 6. Nc3 exd4 7. Nxd4 Bd7 8. O-O g6 9. Bf4 g5 10. Be3 h6 11. Nf5 Bxf5 12. exf5 Bg7 13. Re1 Be5 14. Bd4 f6 15. Nd5 Kd7 16. Bxe5 fxe5 17. Qg4 Nf6 18. Nxf6+ Qxf6 19. Rad1 Rae8 20. Qa4+ c6 21. Qxa7 Qxf5 22. Qxb7+ Ke6 23. Qxc6 Rd8 24. Qc4+ Kf6 25. Qc6 Rhe8 26. Rxd6+ Rxd6 27. Qxd6+ Re6 28. Qf8+ 1-0

[Event "Live Chess"]
[Site "Chess.com"]
[Date "2023.05.21"]
[Round "-"]
[White "smoggyrabbit"]
[Black "NAZRIZ1977"]
[Result "0-1"]
[WhiteElo "1723"]
[BlackElo "1982"]
[TimeControl "300"]
[EndTime "1:35:47 PDT"]
[Termination "NAZRIZ1977 won by checkmate"]

1. d4 Nf6 2. Nf3 g6 3. e3 Bg7 4.
Be2 O-O 5. O-O d5 6. b4 a5 7. b5 c5 8. bxc6 bxc6 9. a4 c5 10.
Ba3 Nfd7 11. Nbd2 Re8 12. Nb3 cxd4 13. exd4 Bb7 14. Rb1 e5 15. Nc5 Nxc5 16. Bxc5 Bc6 17.
dxe5 Nd7 18. Nd4 Bxa4 19. Bd6 Nxe5 20. Bxe5 Bxe5 21. Bb5 Bxb5 22. Rxb5 Qd7 23. Rb1 a4 24. Nf3 Bg7 25. c4 d4 26. Qd3 a3 27. Ra1 Qd6 28.
Rfc1 Qc5 29. Rd1 Rec8 30. Nxd4 Qxc4 31. Rac1 Qxd3 32. Rxc8+ Rxc8 33. Rxd3 Rc1+ 34. Rd1 Rxd1# 0-1

[Event "Live Chess"]
[Site "Chess.com"]
[Date "2023.05.21"]
[Round "-"]
[White "Missedidea"]
[Black "LiamClery2020"]
[Result "0-1"]
[WhiteElo "1837"]
[BlackElo "2026"]
[TimeControl "300"]
[EndTime "1:35:56 PDT"]
[Termination "LiamClery2020 won on time"]

1. d4 Nf6 2. c4 g6 3. Nc3 d5 4. cxd5 Nxd5 5. e4 Nxc3 6. bxc3 Bg7 7. Bc4 c5 8. Ne2 O-O 9. O-O cxd4 10. cxd4 Nc6 11.
Be3 e6 12. f4 Qa5 13. Bd2 Qh5 14. Be3 b5 15. Bb3 Bb7 16. Qd2 Rad8 17. Ng3 Qg4 18. Ne2 a5 19. h3 Qh4 20. Bf2 Qe7 21. Rad1 a4 22. Bc2 Nb4 23. Bb1 Rd7 24. Qe3 f5 25. e5 Nd5 26. Qg3 Bh6 27. h4 Kh8 28. Qh2 Ba6 29. Rfe1 b4 30. h5 Bxe2 31. Rxe2 Nc3 32.
Red2 Nxd1 33. Rxd1 g5 34. Be3 gxf4 35. Bxf4 Bxf4 36.
Qxf4 Rg8 37. d5 Qc5+ 38. Kh1 Rxd5 39. Rxd5 Qxd5 40. Qxb4 Qd1+ 41. Kh2 Qxh5+ 42. Kg1 Qg4 43. Qb2 Rd8 44. Qc2 Qd4+ 45. Kh1 Qxe5 46. Qxa4 Qe1+ 47. Kh2 Qxb1 48. Qa5 Qd3 49. Qe5+ Kg8 50. Qxe6+ Kg7 51. Qe7+ Kg6 52. Qe6+ Kg5 53. Qe7+ Kf4 54. Qh4+ Ke3 55. Qg3+ Kd2 56. Qf2+ Kc3 57. Qc5+ Qc4 58. Qe3+ Rd3 59. Qe5+ Kc2 60. Qe2+ Kc3 61. Qe1+ Kd4 62.
Qf2+ Kd5 63. Qxf5+ Kc6 64. Qf6+ Kb5 65. Qf5+ Rd5 0-1

[Event "Live Chess"]
[Site "Chess.com"]
[Date "2023.05.21"]
[Round "-"]
[White "Shepherds_Pie"]
[Black "Ocelot32"]
[Result "1-0"]
[WhiteElo "1916"]
[BlackElo "1370"]
[TimeControl "300"]
[EndTime "1:36:09 PDT"]
[Termination "Shepherds_Pie won by resignation"]

1. c4 c5 2. Nc3 Nf6 3. g3 e6 4. Nf3 Nc6 5. Bg2 Be7 6. O-O O-O 7. d4 cxd4 8. Nxd4 Nxd4 9. Qxd4 Rb8 10. b3 b6 11. Bb2 Bb7 12. e4 Bc5 13. Qd3 Ng4 14.
h3 Nf6 15. Rad1 d5 16. cxd5 exd5 17. exd5 Qd6 18. Nb5 Qxg3 19. Qxg3 1-0

[Event "Live Chess"]
[Site "Chess.com"]
[Date "2023.05.21"]
[Round "-"]
[White "Doge_Dandolo"]
[Black "JohanKjeldahl"]
[Result "1/2-1/2"]
[WhiteElo "1885"]
[BlackElo "1904"]
[TimeControl "300"]
[EndTime "1:36:12 PDT"]
[Termination "Game drawn by repetition"]

1. Nf3 Nf6 2. c4 c5 3. g3 Nc6 4. d4 cxd4 5. Nxd4 e6 6. Nc3 a6 7. Bg2 Be7 8. Nb3 O-O 9. c5 b5 10. cxb6 Qxb6 11. Be3 Qc7 12. Rc1 Bb7 13. O-O d5 14.
Na4 Nd7 15. Bf4 e5 16. Bd2 e4 17. Ba5 Qe5 18. Bc3 Qg5 19. h4 Qh5 20. e3 Qxd1 21. Rfxd1 Nce5 22. Nac5 Nxc5 23. Nxc5 Bxc5 24. Bxe5 Bb6 25.
Bd4 Bxd4 26. Rxd4 Rac8 27. Rcd1 Rc2 28. R1d2 Rfc8 29. Bh3 Rxd2 30. Rxd2 Rc5 31. Bf5 g6 32. Bg4 Kf8 33. Bd1 Ke7 34. Bb3 Kd6 35. Kf1 Ke5 36.
Ke1 f5 37. Kd1 h6 38. Rd4 Bc6 39. Rb4 g5 40. hxg5 hxg5 41. Rb6 d4 42. exd4+ Kxd4 43. Kd2 f4 44. gxf4 gxf4 45. Rb8 e3+ 46. fxe3+ fxe3+ 47. Ke1 Rc1+ 48. Bd1 Bf3 49. Rd8+ Ke4 50. Re8+ Kd4 51. Rd8+ Ke4 52. Re8+ Kd4 53. Rd8+ 1/2-1/2

[Event "Live Chess"]
[Site "Chess.com"]
[Date "2023.05.21"]
[Round "-"]
[White "AbilifyXL"]
[Black "chessfiction"]
[Result "0-1"]
[WhiteElo "1948"]
[BlackElo "2330"]
[TimeControl "300"]
[EndTime "1:36:20 PDT"]
[Termination "chessfiction won by resignation"]

1. d4 d5 2. c4 e5 3. Nc3 exd4 4.
Qxd4 Nc6 5. Qe3+ Be6 6. cxd5 Nb4 7. Qd2 Nxd5 8. Nxd5 Bxd5 9. Nf3 a5 10. a3 Nf6 11. e3 Ne4 12. Qc2 Bd6 13. Bd3 Qe7 14.
O-O O-O 15. Be2 f5 16. Bd2 Rf6 17. Bc3 Rh6 18. Rad1 c6 19. g3 Qf7 20. Nd2 Ng5 21.
f3 Qh5 22. Rf2 Bxg3 0-1

[Event "Live Chess"]
[Site "Chess.com"]
[Date "2023.05.21"]
[Round "-"]
[White "Ian-Morley"]
[Black "SimonB4a"]
[Result "0-1"]
[WhiteElo "1053"]
[BlackElo "2196"]
[TimeControl "300"]
[EndTime "1:36:38 PDT"]
[Termination "SimonB4a won by resignation"]

1. e4 e6 2. d4 d5 3. e5 c5 4.
Nd2 cxd4 5. Bb5+ Bd7 6. Bxd7+ Nxd7 7. Qe2 Qc7 8. Qd3 Qxe5+ 9. Ne2 Ngf6 10. Qxd4 Bc5 11.
Qxe5 Nxe5 12. Nf3 Nxf3+ 13. gxf3 Rc8 14. c3 O-O 15. Be3 Bxe3 16. fxe3 e5 17. O-O-O Rfd8 18. h4 h6 19. Ng3 d4 20. exd4 exd4 21. Nf5 dxc3 22.
Ne7+ Kf8 23. Nxc8 cxb2+ 24. Kxb2 Rxc8 25. Rc1 Rd8 26. Rhd1 Rxd1 27. Rxd1 g5 28. hxg5 hxg5 29. Rd8+ Ke7 30. Rd1 Ke6 31. Kb3 Nd5 32. Rh1 f5 33. Kc4 Ne3+ 34. Kb5 Ke5 35. Re1 Kf4 36. a4 Kxf3 37. a5 g4 38. Rh1 g3 39. Rh7 g2 40.
Rg7 Ng4 41. Rxb7 g1=Q 42. Kc6 Qd4 43. Rb3+ Ke2 0-1

[Event "Live Chess"]
[Site "Chess.com"]
[Date "2023.05.21"]
[Round "-"]
[White "MaximKris"]
[Black "TheSmoulderingMaster"]
[Result "1-0"]
[WhiteElo "1818"]
[BlackElo "1686"]
[TimeControl "300"]
[EndTime "1:36:42 PDT"]
[Termination "MaximKris won - game abandoned"]

1. e4 c5 2. Nf3 d6 3. Bc4 Nc6 4. O-O Nf6 5. d4 cxd4 6. Nxd4 e6 7. Nxc6 bxc6 8. Nc3 Be7 9. Bg5 O-O 10. Re1 Nxe4 11. Bxe7 Nxc3 12. Bxd8 Nxd1 13. Be7 Re8 14. Bxd6 Nxb2 15.
Bb3 Ba6 16. Re4 Rad8 17. Ba3 1-0